cohdb
Replays
Latest Replays
All Replays
Popular Replays
Top Player Replays
Match Explorer
How It Works
Community
CoH3 Stats
Reddit
Sign in to upload your games and track your stats! →
Sign in with Steam
Match 38930436
Unlisted
Match 38930436
Overview
Messages
Build Orders
End
Construct Infanterie Kompanie
Selects Mechanized Battlegroup
Grenadier Squad
MG 42 Machine Gun Team
Grenadier Squad
MG 42 Machine Gun Team
Construct Panzergrenadier Kompanie
Medical Station
Selects Mobile Repair Stations
251 Medium Carrier
Panzergrenadier Officer Quarters
Pak 40 Anti-tank Gun Team
Panzergrenadier Squad
Selects Raid Package
Forward Retreat Point
Selects StuG Assault Group
Medical Bunker
Pak 40 Anti-tank Gun Team
Selects Stoßtruppen Assault Package
StuG Assault Group
ach5181
ash950927
A_Smoove
The_Honey_Bear
0
0
Comments
sign in to comment!
No comments posted yet!